Map: 2000 Atmospheres LE

Players

Cure

  • Race: Terran Terran

Maru - Winner!

  • Race: Terran Terran

Event: DreamHack SC2 Masters Last Chance 2022

VOD

Have the link to the VOD?

Description

Time

  • Played on: Jan. 16, 2022, 12:29 p.m.
  • Length: 17:49

All games in this series

Show
View Real Time Build Order
Export as new Build Order

Cure Terran 

Build Orders:  

Get SALT Encoding   

  12  0:00  SCV  
  13  0:12  SCV  
  14  0:17  Supply Depot  
  14  0:24  SCV  
  15  0:39  SCV  
  15  0:40  Barracks  
  15  0:42  Refinery  
  16  0:51  SCV  
  16  0:52  Refinery  
  17  1:03  SCV  
  18  1:15  SCV  
  19  1:27  Orbital Command  
  19  1:28  Reaper  
  19  1:31  Supply Depot  
  20  1:43  Factory  
  20  1:53  SCV  
  21  2:01  Barracks Reactor  
  21  2:05  SCV  
  22  2:17  SCV  
  22  2:22  Command Center  
  23  2:28  Hellion  
  25  2:30  SCV  
  26  2:37  Reaper x2  
  26  2:42  Supply Depot, SCV  
  29  2:49  Hellion  
  31  3:03  SCV  
  31  3:04  Starport  
  32  3:09  Reaper x2  
  32  3:11  Hellion  
  36  3:15  SCV  
  37  3:24  Refinery  
  37  3:27  SCV  
  37  3:32  Factory Tech Lab  
  38  3:35  Orbital Command  
  38  3:40  SCV, Starport Tech Lab  
  39  3:41  Barracks  
  39  3:44  Marine  
  39  3:45  Marine  
  41  3:52  SCV  
  42  3:57  Cyclone  
  42  4:02  SCV  
  46  4:04  SCV  
  46  4:07  Raven  
  48  4:12  Supply Depot  
  48  4:16  SCV x2  
  50  4:18  Marine  
  50  4:19  Marine  
  52  4:28  SCV x2  
  54  4:32  Barracks Reactor  
  54  4:34  Siege Tank  
  57  4:39  Marine x2  
  57  4:40  Supply Depot  
  57  4:43  SCV x2  
  61  4:55  SCV  
  61  4:57  Starport Reactor  
  62  5:01  Marine x2  
  62  5:02  Supply Depot, SCV, Stimpack, Marine  
  62  5:06  Siege Tank  
  69  5:12  Supply Depot, SCV  
  70  5:24  SCV, Marine x2  
  70  5:25  Marine  
  74  5:29  Command Center  
  74  5:34  Medivac x2  
  78  5:37  SCV  
  78  5:39  SCV  
  78  5:40  Supply Depot  
  80  5:43  Siege Tank  
  80  5:49  Marine x3  
  86  5:53  Engineering Bay  
  86  5:57  Engineering Bay  
  86  6:01  SCV x2  
  88  6:07  Refinery  
  88  6:09  Marine x3  
  91  6:11  Barracks  
  91  6:13  SCV x2  
  91  6:15  Starport Reactor  
  93  6:26  SCV  
  93  6:27  Terran Infantry Weapons Level 1, Terran Infantry Armor Level 1  
  93  6:31  Supply Depot  
  94  6:40  SCV, Siege Tank, Marine x3  
  94  6:41  Orbital Command  
  94  6:44  SCV, Combat Shield  
  102  6:52  Medivac  
  102  6:53  SCV  
  102  6:54  Medivac  
  107  6:56  SCV  
  106  7:01  Marine x2  
  106  7:07  SCV x2  
  113  7:08  SCV  
  113  7:14  Siege Tank  
  117  7:19  Barracks  
  117  7:20  Supply Depot, SCV x3  
  117  7:21  Supply Depot  
  117  7:22  Barracks  
  117  7:25  Supply Depot  
  117  7:36  Armory  
  117  7:41  Marine x5  
  117  7:42  SCV x3, Refinery  
  117  7:43  Refinery  
  125  7:47  Sensor Tower  
  125  7:52  Siege Tank  
  125  7:53  Viking  
  125  7:56  Viking  
  125  7:57  SCV x2  
  125  7:58  Supply Depot  
  134  7:59  SCV  
  135  8:06  Marine x3  
  135  8:08  Barracks Reactor  
  135  8:09  SCV  
  135  8:10  SCV  
  135  8:11  SCV  
  139  8:13  Supply Depot  
  139  8:20  Barracks Reactor  
  139  8:22  Terran Infantry Weapons Level 2, Supply Depot, SCV  
  139  8:23  SCV  
  139  8:24  SCV  
  139  8:25  Terran Infantry Armor Level 2  
  142  8:32  Barracks Reactor  
  142  8:34  SCV  
  143  8:40  Viking  
  144  8:43  Viking  
  144  8:45  Factory  
  144  8:46  SCV x3  
  149  8:51  Command Center  
  149  8:52  Siege Tank  
  149  8:54  Marine x4  
  156  8:56  Supply Depot  
  156  9:04  SCV x3, Terran Vehicle Weapons Level 1  
  156  9:06  Marine x4  
  163  9:12  Viking  
  165  9:17  Supply Depot x3, Viking, Marine x2  
  165  9:18  SCV x2  
  165  9:19  SCV  
  172  9:34  Starport x2, Refinery  
  172  9:36  Refinery  
  172  9:39  Siege Tank x2  
  172  9:40  SCV x2  
  172  9:41  SCV  
  181  9:51  Viking x2  
  186  9:52  SCV  
  185  10:02  SCV x2  
  185  10:04  SCV  
  188  10:07  Starport  
  188  10:08  Planetary Fortress  
  188  10:20  Command Center  
  187  10:24  Viking x2, Starport Tech Lab  
  187  10:25  Starport Reactor  
  191  10:30  Siege Tank x2  
  198  10:46  Raven  
  198  10:47  Starport Tech Lab  
  195  10:54  Viking x2  
  199  10:57  Terran Infantry Weapons Level 3  
  199  10:59  Command Center x2  
  199  11:13  Terran Vehicle Weapons Level 2, Terran Infantry Armor Level 3  
  199  11:20  Command Center  
  199  11:23  Command Center  
  199  11:24  Siege Tank  
  199  11:36  Planetary Fortress  
  199  11:43  Refinery  
  199  11:44  Corvid Reactor  
  199  11:47  Armory  
  199  11:51  Starport  
  199  11:59  Refinery  
  199  12:07  Missile Turret x2  
  199  12:08  Missile Turret  
  198  12:10  Missile Turret, Viking  
  198  12:11  Missile Turret  
  200  12:19  Viking  
  200  12:27  Orbital Command x2  
  195  12:32  Raven, Viking  
  195  12:35  Orbital Command  
  195  12:37  Terran Vehicle And Ship Armor Level 1, Starport Tech Lab, Orbital Command  
  199  12:48  Command Center  
  189  13:07  Siege Tank x2, Raven x2  
  189  13:08  Viking  
  196  13:15  Raven  
  196  13:16  Viking  
  200  13:26  Marine x6  
  200  13:27  Missile Turret, Marine x2  
  185  13:29  Viking  
  185  13:31  Viking  
  191  13:38  Viking  
  191  13:40  Marine x2  
  195  13:42  Siege Tank  
  195  13:44  Marine x2  
  200  13:50  Missile Turret, Raven x2  
  183  13:55  Marine x2  
  183  13:56  Marine x4  
  183  13:58  Raven  
  183  14:02  Siege Tank  
  183  14:05  Marine x4  
  187  14:13  Marine x6  
  187  14:14  Siege Tank  
  196  14:18  Barracks  
  196  14:20  Command Center  
  196  14:22  Barracks  
  194  14:25  Barracks  
  194  14:27  Terran Ship Weapons Level 1  
  190  14:33  Raven x2  
  190  14:38  Viking x4  
  186  14:39  Marine x8  
  186  14:40  Siege Tank  
  186  14:41  Raven  
  196  14:59  Marine x4  
  167  15:05  Marine x6  
  173  15:08  Viking x2  
  177  15:15  Barracks Reactor, Raven  
  177  15:16  Raven, Marine x2  
  177  15:17  Marine x4  
  177  15:20  Medivac x2  
  182  15:26  Marine x2  
  168  15:32  Marine x3  
  170  15:46  Orbital Command  
  163  15:52  Raven  
  163  15:53  Medivac x2  
  169  15:58  Raven, Marine  
  172  16:07  Marine x4  
  173  16:19  Marine x4  
  173  16:23  Marine x3  
  180  16:30  Medivac x2  
  180  16:31  Medivac  
  186  16:33  Orbital Command  
  186  16:34  Raven  
  186  16:35  Raven  
  186  16:36  Marine x2  
  189  16:49  Marine x4  
  189  16:50  Marine x2  
  194  17:01  Marine x4  
  167  17:26  Marine x4  
  167  17:27  Marine x2  
  167  17:28  Marine x6  
  167  17:29  Marine  
Show
View Real Time Build Order
Export as new Build Order

Maru Terran - Winner!

Build Orders:  

Get SALT Encoding   

  12  0:00  SCV  
  13  0:12  SCV  
  14  0:17  Supply Depot  
  14  0:24  SCV  
  15  0:38  SCV  
  15  0:40  Barracks  
  16  0:44  Refinery  
  16  0:50  SCV  
  16  0:53  Refinery  
  17  1:03  SCV  
  18  1:15  SCV  
  19  1:28  Reaper, Orbital Command  
  19  1:30  Supply Depot  
  20  1:43  Factory  
  21  1:54  SCV  
  21  2:01  Reaper  
  22  2:06  SCV  
  23  2:18  SCV  
  23  2:22  Command Center  
  24  2:27  Hellion  
  26  2:30  SCV  
  26  2:33  Reaper  
  28  2:37  Supply Depot  
  28  2:42  SCV  
  29  2:48  Starport  
  31  2:51  Widow Mine  
  31  2:59  SCV  
  32  3:06  Barracks Reactor  
  32  3:11  SCV  
  33  3:13  Factory Tech Lab  
  33  3:19  Refinery  
  33  3:23  SCV  
  33  3:26  Starport Tech Lab  
  34  3:32  Cyclone  
  37  3:34  Orbital Command  
  37  3:35  SCV  
  38  3:42  Marine x2  
  38  3:47  SCV  
  41  3:51  Supply Depot  
  41  3:54  Raven  
  43  3:59  SCV  
  43  4:00  SCV, Marine x2  
  46  4:10  Siege Tank  
  46  4:12  SCV  
  46  4:16  SCV  
  51  4:24  SCV  
  52  4:28  SCV  
  52  4:29  Command Center  
  53  4:34  Supply Depot  
  53  4:36  SCV  
  53  4:38  Raven  
  56  4:41  Marine  
  56  4:43  SCV  
  58  4:48  SCV  
  58  4:50  Siege Tank  
  61  4:53  Refinery  
  61  4:55  SCV  
  61  5:00  Marine x2  
  61  5:01  SCV  
  61  5:02  Supply Depot  
  64  5:07  SCV  
  64  5:13  SCV  
  66  5:18  Marine x2  
  66  5:19  SCV  
  69  5:24  Raven, Barracks  
  69  5:25  Supply Depot, SCV, Barracks  
  72  5:29  Siege Tank  
  72  5:32  SCV  
  76  5:37  SCV  
  75  5:44  SCV, Engineering Bay  
  75  5:46  Engineering Bay  
  75  5:47  Orbital Command  
  74  5:53  SCV  
  74  5:54  Marine x2  
  77  5:57  SCV  
  77  6:01  Siege Tank  
  80  6:10  Missile Turret  
  80  6:11  Terran Infantry Weapons Level 1  
  80  6:12  Terran Infantry Armor Level 1  
  80  6:14  Barracks Reactor x2  
  80  6:16  Missile Turret, SCV  
  81  6:26  Marine  
  81  6:27  Viking x2  
  81  6:30  Stimpack  
  81  6:32  SCV x2  
  88  6:33  Supply Depot  
  88  6:34  SCV  
  89  6:41  Siege Tank  
  89  6:44  Orbital Command  
  89  6:46  Marine  
  93  6:48  Supply Depot  
  93  6:52  SCV, Marine x3  
  97  6:59  SCV  
  98  7:02  Viking x2  
  98  7:04  SCV  
  98  7:07  Supply Depot x2  
  103  7:10  SCV  
  103  7:11  SCV, Marine x5  
  110  7:19  Sensor Tower  
  110  7:20  Siege Tank  
  113  7:24  SCV  
  113  7:25  Refinery x2  
  114  7:35  Viking x2  
  114  7:36  Missile Turret, SCV x3  
  121  7:40  Armory  
  121  7:48  SCV, Barracks  
  121  7:49  SCV, Barracks  
  121  7:50  SCV  
  123  7:53  Supply Depot  
  123  8:00  SCV  
  123  8:02  SCV  
  125  8:06  SCV  
  125  8:11  Command Center  
  125  8:12  SCV, Medivac x2  
  131  8:14  SCV  
  131  8:15  Supply Depot  
  131  8:18  SCV  
  131  8:19  Combat Shield, Marine x2  
  134  8:20  Marine x3  
  134  8:25  Siege Tank  
  141  8:29  Terran Infantry Weapons Level 2, Missile Turret  
  141  8:30  Terran Infantry Armor Level 2  
  141  8:40  Barracks Reactor x2, Marine x2  
  141  8:41  Marine x3  
  145  8:45  Supply Depot  
  145  8:46  Supply Depot x2, Terran Vehicle Weapons Level 1  
  146  8:50  SCV x2  
  146  8:51  SCV  
  149  8:55  Supply Depot  
  149  9:07  Medivac x2, Marine x3  
  156  9:10  Missile Turret, Siege Tank  
  156  9:12  Marauder, Missile Turret, Marine  
  156  9:15  Factory  
  162  9:19  SCV x3  
  162  9:20  Sensor Tower  
  165  9:24  Marine x2  
  165  9:29  Marine x2  
  169  9:32  Refinery  
  169  9:34  Refinery  
  169  9:35  Marine  
  169  9:36  Marine  
  171  9:39  Supply Depot  
  171  9:42  SCV x2  
  171  9:43  SCV  
  171  9:44  Starport x2  
  174  9:46  Barracks Reactor  
  174  9:49  Planetary Fortress  
  174  9:53  Command Center  
  174  10:02  Viking x2  
  174  10:04  Marine x3  
  181  10:08  SCV x2  
  183  10:28  Marine x3  
  184  10:29  Starport Tech Lab x2  
  184  10:31  Armory  
  184  10:33  Command Center  
  185  10:37  Command Center  
  181  10:42  Terran Vehicle Weapons Level 2  
  180  10:51  Raven x2, Viking x2  
  180  10:53  Corvid Reactor  
  185  10:58  SCV x4  
  189  11:17  Starport  
  189  11:19  Starport  
  189  11:28  Viking x2  
  189  11:32  Marine  
  191  11:33  Missile Turret, Siege Tank  
  191  11:35  Terran Infantry Weapons Level 3, Terran Infantry Armor Level 3  
  191  11:36  Missile Turret x2  
  194  11:41  Sensor Tower  
  194  11:46  Planetary Fortress  
  194  11:51  Orbital Command  
  194  11:52  Command Center  
  194  11:57  Orbital Command  
  194  11:58  Starport Tech Lab, Starport Reactor  
  194  12:00  Command Center  
  194  12:05  Siege Tank  
  194  12:06  Missile Turret  
  194  12:07  Terran Vehicle And Ship Armor Level 1  
  197  12:08  Missile Turret, Refinery x2  
  197  12:11  Viking  
  192  12:32  Raven x2, Viking x2  
  192  12:36  Missile Turret  
  200  12:39  Missile Turret  
  200  12:45  Command Center  
  200  13:00  Orbital Command  
  200  13:04  Siege Tank  
  189  13:10  Raven, Viking  
  189  13:11  Viking  
  187  13:14  SCV  
  187  13:15  SCV x2, Raven x2  
  187  13:19  Orbital Command  
  182  13:27  SCV x2  
  178  13:30  SCV x4  
  178  13:32  Viking x2  
  185  13:39  SCV x2, Refinery  
  185  13:40  Terran Ship Weapons Level 1  
  187  13:42  SCV x2  
  187  13:43  Marine x2  
  187  13:44  Marine x2  
  193  13:52  Raven  
  184  13:57  Siege Tank, Marine x3  
  184  13:59  Siege Tank  
  184  14:01  Terran Vehicle Weapons Level 3  
  193  14:05  Raven  
  195  14:11  Neosteel Armor  
  195  14:12  Hi-Sec Auto Tracking  
  191  14:37  Raven, Marine x2  
  191  14:38  Raven  
  188  14:39  Siege Tank, Marine x2  
  188  14:40  Siege Tank  
  193  14:48  Raven  
  193  14:54  Marine  
  193  14:58  Marine  
  193  14:59  Marine  
  176  15:02  Viking  
  176  15:03  Planetary Fortress  
  176  15:05  Marine x2  
  176  15:06  Marine x3  
  178  15:07  Marine  
  178  15:11  Siege Tank  
  182  15:17  Viking x2  
  182  15:18  Viking  
  182  15:19  Refinery x2, Command Center  
  182  15:20  Starport, Raven  
  183  15:28  Viking  
  183  15:31  Viking  
  186  15:46  Marine x3  
  186  15:47  Siege Tank x2  
  186  15:49  Viking  
  191  15:58  Starport Tech Lab  
  191  16:18  Planetary Fortress  
  191  16:21  Sensor Tower x2  
  191  16:23  Viking x4  
  191  16:24  Sensor Tower  
  199  16:32  Orbital Command  
  192  17:29  Marine x6  

Tags
 
Add a new tag
Caveats
  • Supply blocks, unpowered buildings, or Contaminate may cause inaccurate times.
  • Supply counts are checked every 10 seconds.